TOP OF THE 1ST |
Athletic Club KC U-24 batting - Pitching for Rocky Mountain Vibes : RHP Hong-yeol Chang
|
Pitching: RHP Hong-yeol Chang
|
|
Batting: RHB Woody Thomas
|
0-0: Ball 1-0: Ball 2-0: Foul Ball, location: 2F 2-1: Ground out 4-3 (Groundball, 4)
|
Batting: LHB Armando Romero
|
0-0: Called Strike 0-1: Foul Ball, location: 2F 0-2: Strikes out swinging
|
Batting: RHB John Ricks
|
0-0: Ball 1-0: Foul Ball, location: 2F 1-1: Ball 2-1: Ball 3-1: Swinging Strike 3-2: Strikes out swinging
|
Top of the 1st over - 0 runs, 0 hits, 0 errors, 0 left on base; Athletic Club KC 0 - Rocky Mountain 0 |
BOTTOM OF THE 1ST |
Rocky Mountain Vibes batting - Pitching for Athletic Club KC U-24 : LHP Sam Johnston
|
Pitching: LHP Sam Johnston
|
|
Batting: RHB Christian Rose
|
0-0: Ball 1-0: Fly out, F8 (Flyball, 8LM)
|
Batting: RHB Vesa Karpinen
|
0-0: Bunted foul 0-1: Ball 1-1: Swinging Strike 1-2: Ball 2-2: Ball 3-2: Fly out, F6 (Line Drive, 6)
|
Batting: RHB Tomás Martí
|
0-0: Ball 1-0: Ground out 6-3 (Groundball, 56)
|
Bottom of the 1st over - 0 runs, 0 hits, 0 errors, 0 left on base; Athletic Club KC 0 - Rocky Mountain 0 |
TOP OF THE 2ND |
Athletic Club KC U-24 batting - Pitching for Rocky Mountain Vibes : RHP Hong-yeol Chang
|
Batting: RHB Donald Guegan
|
0-0: Foul Ball, location: 2F 0-1: Ball 1-1: Ball 2-1: Foul Ball, location: 2F 2-2: Fly out, F3 (Popup, 3F)
|
Batting: RHB Rodrigo Sousa
|
0-0: Ball 1-0: Ball 2-0: Ball 3-0: Called Strike 3-1: Base on Balls
|
Batting: RHB Rafael Cortéz
|
0-0: Swinging Strike 0-1: Swinging Strike 0-2: Ball 1-2: Ball 2-2: Foul Ball, location: 2F 2-2: Foul Ball, location: 2F 2-2: Strikes out swinging
|
Batting: RHB Andrés Hernández
|
0-0: Ball 1-0: Ball 2-0: Called Strike 2-1: Ball 3-1: DOUBLE (Line Drive, 78D) Rodrigo Sousa to third
|
Batting: RHB Miguel Gómez
|
0-0: Called Strike 0-1: Swinging Strike 0-2: Strikes out swinging
|
Top of the 2nd over - 0 runs, 1 hit, 0 errors, 2 left on base; Athletic Club KC 0 - Rocky Mountain 0 |
BOTTOM OF THE 2ND |
Rocky Mountain Vibes batting - Pitching for Athletic Club KC U-24 : LHP Sam Johnston
|
Batting: SHB Ken Paige
|
0-0: Called Strike 0-1: Foul Ball, location: 2F 0-2: Ball 1-2: Foul Ball, location: 2F 1-2: Foul Ball, location: 2F 1-2: Ground out 6-3 (Groundball, 6)
|
Batting: RHB Eric Landry
|
0-0: Foul Ball, location: 2F 0-1: Ball 1-1: Swinging Strike 1-2: Foul Ball, location: 2F 1-2: Fly out, F9 (Line Drive, 9)
|
Batting: RHB José Ayala
|
0-0: Ball 1-0: Foul Ball, location: 2F 1-1: Ball 2-1: Swinging Strike 2-2: Ball 3-2: Base on Balls
|
Batting: LHB Q' Drennan
|
0-0: Ball 1-0: Called Strike 1-1: Foul Ball, location: 2F 1-2: Fly out, F9 (Flyball, 89S)
|
Bottom of the 2nd over - 0 runs, 0 hits, 0 errors, 1 left on base; Athletic Club KC 0 - Rocky Mountain 0 |
TOP OF THE 3RD |
Athletic Club KC U-24 batting - Pitching for Rocky Mountain Vibes : RHP Hong-yeol Chang
|
Batting: SHB Josh Moxon
|
0-0: Ball 1-0: Ball 2-0: Called Strike 2-1: Foul Ball, location: 2F 2-2: Ball 3-2: Foul Ball, location: 2F 3-2: Base on Balls
|
Batting: RHB Woody Thomas
|
0-0: Called Strike 0-1: Ball 1-1: Called Strike 1-2: Ball 2-2: Ball 3-2: Strikes out swinging
|
Batting: LHB Armando Romero
|
0-0: Ball 1-0: Ball 2-0: Ball 3-0: Called Strike 3-1: Grounds into double play, 6-4-3 (Groundball, 56)
|
Top of the 3rd over - 0 runs, 0 hits, 0 errors, 0 left on base; Athletic Club KC 0 - Rocky Mountain 0 |
BOTTOM OF THE 3RD |
Rocky Mountain Vibes batting - Pitching for Athletic Club KC U-24 : LHP Sam Johnston
|
Batting: RHB Sean Wallace
|
0-0: Called Strike 0-1: Ball 1-1: Swinging Strike 1-2: Ball 2-2: Strikes out swinging
|
Batting: SHB Chien-shih Dun
|
0-0: Called Strike 0-1: Ball 1-1: Foul Ball, location: 2F 1-2: Strikes out swinging
|
Batting: RHB Christian Rose
|
0-0: Ball 1-0: Ball 2-0: Ball 3-0: Called Strike 3-1: Called Strike 3-2: Fly out, F7 (Flyball, 78D)
|
Bottom of the 3rd over - 0 runs, 0 hits, 0 errors, 0 left on base; Athletic Club KC 0 - Rocky Mountain 0 |
TOP OF THE 4TH |
Athletic Club KC U-24 batting - Pitching for Rocky Mountain Vibes : RHP Hong-yeol Chang
|
Batting: RHB John Ricks
|
0-0: Called Strike 0-1: Ground out 1-3 (Groundball, 15S)
|
Batting: RHB Donald Guegan
|
0-0: Foul Ball, location: 2F 0-1: Ball 1-1: Foul Ball, location: 2F 1-2: Ball 2-2: Foul Ball, location: 2F 2-2: Strikes out swinging
|
Batting: RHB Rodrigo Sousa
|
0-0: Ball 1-0: Swinging Strike 1-1: Foul Ball, location: 2F 1-2: Ball 2-2: Foul Ball, location: 2F 2-2: Ball 3-2: Fly out, F4 (Line Drive, 4)
|
Top of the 4th over - 0 runs, 0 hits, 0 errors, 0 left on base; Athletic Club KC 0 - Rocky Mountain 0 |
BOTTOM OF THE 4TH |
Rocky Mountain Vibes batting - Pitching for Athletic Club KC U-24 : LHP Sam Johnston
|
Batting: RHB Vesa Karpinen
|
0-0: Ball 1-0: Ball 2-0: Ball 3-0: Called Strike 3-1: Base on Balls
|
Batting: RHB Tomás Martí
|
Balk! Vesa Karpinen to second 0-0: Ball Wild Pitch! Vesa Karpinen to third 1-0: Fly out, F9 (Flyball, 89S) Runner from 3rd tags up, SCORES, no throw
|
Batting: SHB Ken Paige
|
0-0: Ball 1-0: Ground out 5-3 (Groundball, 5S)
|
Batting: RHB Eric Landry
|
0-0: Foul Ball, location: 2F 0-1: Ground out 4-3 (Groundball, 4)
|
Bottom of the 4th over - 1 run, 0 hits, 0 errors, 0 left on base; Athletic Club KC 0 - Rocky Mountain 1 |
TOP OF THE 5TH |
Athletic Club KC U-24 batting - Pitching for Rocky Mountain Vibes : RHP Hong-yeol Chang
|
Batting: RHB Rafael Cortéz
|
0-0: Called Strike 0-1: Foul Ball, location: 2F 0-2: Ball 1-2: Foul Ball, location: 2F 1-2: Foul Ball, location: 2F 1-2: Foul Ball, location: 2F 1-2: Strikes out swinging
|
Batting: RHB Andrés Hernández
|
0-0: Called Strike 0-1: SINGLE (Line Drive, 9S)
|
Batting: RHB Miguel Gómez
|
0-0: Foul Ball, location: 2F 0-1: Foul Ball, location: 2F 0-2: Ball 1-2: Ball 2-2: Strikes out looking
|
Batting: SHB Josh Moxon
|
0-0: Ball 1-0: Ball 2-0: Ball 3-0: Called Strike 3-1: Fly out, F6 (Popup, 6MS)
|
Top of the 5th over - 0 runs, 1 hit, 0 errors, 1 left on base; Athletic Club KC 0 - Rocky Mountain 1 |
BOTTOM OF THE 5TH |
Rocky Mountain Vibes batting - Pitching for Athletic Club KC U-24 : LHP Sam Johnston
|
Batting: RHB José Ayala
|
0-0: Ball 1-0: Ball 2-0: Ball 3-0: Foul Ball, location: 2F 3-1: Base on Balls
|
Batting: LHB Q' Drennan
|
0-0: Ball 1-0: Bunted foul 1-1: Bunted foul 1-2: Strikes out swinging
|
Batting: RHB Sean Wallace
|
0-0: Called Strike 0-1: Called Strike 0-2: Ball 1-2: Strikes out looking
|
Batting: SHB Chien-shih Dun
|
0-0: Ball 1-0: Ball 2-0: Called Strike 2-1: Called Strike 2-2: Strikes out swinging
|
Bottom of the 5th over - 0 runs, 0 hits, 0 errors, 1 left on base; Athletic Club KC 0 - Rocky Mountain 1 |
TOP OF THE 6TH |
Athletic Club KC U-24 batting - Pitching for Rocky Mountain Vibes : RHP Hong-yeol Chang
|
Batting: RHB Woody Thomas
|
0-0: Ball 1-0: Called Strike 1-1: Ground out 4-3 (Groundball, 4)
|
Batting: LHB Armando Romero
|
0-0: Foul Ball, location: 2F 0-1: Foul Ball, location: 2F 0-2: Foul Ball, location: 2F 0-2: Foul Ball, location: 2F 0-2: Ball 1-2: Ball 2-2: Ball 3-2: SINGLE (Line Drive, 7LS)
|
Batting: RHB John Ricks
|
0-0: Fly out, F8 (Flyball, 89M)
|
Batting: RHB Donald Guegan
|
0-0: Ground out 4-3 (Groundball, 4)
|
Top of the 6th over - 0 runs, 1 hit, 0 errors, 1 left on base; Athletic Club KC 0 - Rocky Mountain 1 |
BOTTOM OF THE 6TH |
Rocky Mountain Vibes batting - Pitching for Athletic Club KC U-24 : LHP Sam Johnston
|
Batting: RHB Christian Rose
|
0-0: Foul Ball, location: 2F 0-1: SINGLE (Groundball, 6D)
|
Batting: RHB Vesa Karpinen
|
0-0: Bunted foul 0-1: Bunted foul 0-2: Ball 1-2: Ball 2-2: Fly out, F4 (Line Drive, 4)
|
Pitching: LHP Andrei-Luiz Filoteo
|
|
Batting: RHB Tomás Martí
|
0-0: Ball 1-0: Called Strike 1-1: Ball 2-1: Foul Ball, location: 2F 2-2: Ball 3-2: Fly out, F8 (Flyball, 8LS)
|
Batting: SHB Ken Paige
|
0-0: Called Strike 0-1: Ball 1-1: Foul Ball, location: 2F 1-2: Ball 2-2: Reached on error, E5 (Groundball, 56S) Christian Rose to second
|
Batting: RHB Eric Landry
|
0-0: Ball 1-0: Foul Ball, location: 2F 1-1: Fly out, F4 (Line Drive, 4)
|
Bottom of the 6th over - 0 runs, 1 hit, 1 error, 2 left on base; Athletic Club KC 0 - Rocky Mountain 1 |
TOP OF THE 7TH |
Athletic Club KC U-24 batting - Pitching for Rocky Mountain Vibes : RHP Hong-yeol Chang
|
Batting: RHB Rodrigo Sousa
|
0-0: Ball 1-0: SINGLE (Groundball, 56D)
|
Batting: RHB Rafael Cortéz
|
0-0: Ball 1-0: Ball 2-0: Fly out, F7 (Flyball, 7S)
|
Batting: RHB Andrés Hernández
|
0-0: Called Strike 0-1: Ball 1-1: Swinging Strike 1-2: Ball 2-2: Foul Ball, location: 2F 2-2: Ball 3-2: Strikes out swinging
|
Batting: RHB Miguel Gómez
|
0-0: Called Strike 0-1: Swinging Strike 0-2: Foul Ball, location: 2F 0-2: Ball 1-2: Strikes out swinging
|
Top of the 7th over - 0 runs, 1 hit, 0 errors, 1 left on base; Athletic Club KC 0 - Rocky Mountain 1 |
BOTTOM OF THE 7TH |
Rocky Mountain Vibes batting - Pitching for Athletic Club KC U-24 : LHP Andrei-Luiz Filoteo
|
Batting: RHB José Ayala
|
0-0: Ball 1-0: Called Strike 1-1: Ball 2-1: Ball 3-1: Called Strike 3-2: Base on Balls
|
Batting: LHB Q' Drennan
|
0-0: Bunted foul 0-1: Bunt - Flyout! F1
|
Batting: RHB Sean Wallace
|
0-0: Foul Ball, location: 2F 0-1: DOUBLE (Line Drive, 7LM) José Ayala to third
|
Pinch Hitting: RHB Timo Zwiefelhofer
|
0-0: Ball 1-0: Ball 2-0: Ground out 5-3 (Groundball, 5S)
|
Batting: RHB Christian Rose
|
0-0: Ball 1-0: Called Strike 1-1: Ball 2-1: Swinging Strike 2-2: Foul Ball, location: 2F 2-2: Strikes out swinging
|
Bottom of the 7th over - 0 runs, 1 hit, 0 errors, 2 left on base; Athletic Club KC 0 - Rocky Mountain 1 |
TOP OF THE 8TH |
Athletic Club KC U-24 batting - Pitching for Rocky Mountain Vibes : RHP Hong-yeol Chang
|
Pitching: RHP Rodrigo Delvalle
|
|
Now at C: Duncan Hines
|
|
Now in CF: Javier Silva
|
|
Batting: SHB Josh Moxon
|
0-0: Ball 1-0: Ball 2-0: Foul Ball, location: 2F 2-1: Foul Ball, location: 2F 2-2: Ball 3-2: Ground out 5-3 (Groundball, 56)
|
Batting: RHB Woody Thomas
|
0-0: Called Strike 0-1: Fly out, F7 (Flyball, 7)
|
Batting: LHB Armando Romero
|
0-0: Ball 1-0: Ball 2-0: Ball 3-0: Called Strike 3-1: Base on Balls
|
Batting: RHB John Ricks
|
0-0: Ball 1-0: Ball 2-0: Ball 3-0: Base on Balls Armando Romero to second
|
Batting: RHB Donald Guegan
|
0-0: Called Strike 0-1: Swinging Strike 0-2: Ball 1-2: Ball 2-2: Foul Ball, location: 2F 2-2: Foul Ball, location: 2F 2-2: Strikes out swinging
|
Top of the 8th over - 0 runs, 0 hits, 0 errors, 2 left on base; Athletic Club KC 0 - Rocky Mountain 1 |
BOTTOM OF THE 8TH |
Rocky Mountain Vibes batting - Pitching for Athletic Club KC U-24 : LHP Andrei-Luiz Filoteo
|
Batting: RHB Vesa Karpinen
|
0-0: Foul Ball, location: 2F 0-1: Ground out 5-3 (Groundball, 56)
|
Batting: RHB Tomás Martí
|
0-0: Ball 1-0: Foul Ball, location: 2F 1-1: Swinging Strike 1-2: Ball 2-2: Ball 3-2: Strikes out swinging
|
Batting: SHB Ken Paige
|
0-0: Ball 1-0: Ball 2-0: Ball 3-0: Called Strike 3-1: Swinging Strike 3-2: Foul Ball, location: 2F 3-2: Ground out 6-3 (Groundball, 6)
|
Bottom of the 8th over - 0 runs, 0 hits, 0 errors, 0 left on base; Athletic Club KC 0 - Rocky Mountain 1 |
TOP OF THE 9TH |
Athletic Club KC U-24 batting - Pitching for Rocky Mountain Vibes : RHP Rodrigo Delvalle
|
Pitching: LHP Maurice Hilliard
|
|
Now at SS: Carroll Stevens
|
|
Batting: RHB Rodrigo Sousa
|
0-0: Called Strike 0-1: SINGLE (Flyball, 78S)
|
Batting: RHB Rafael Cortéz
|
0-0: Called Strike 0-1: Called Strike 0-2: Ball 1-2: Foul Ball, location: 2F 1-2: Foul Ball, location: 2F 1-2: SINGLE (Line Drive, 4D) Rodrigo Sousa to second Runner from 2nd tries for 3rd, SAFE, no throw
|
Batting: RHB Andrés Hernández
|
0-0: Called Strike 0-1: Ball 1-1: Called Strike 1-2: Strikes out looking
|
Batting: RHB Miguel Gómez
|
0-0: Ball 1-0: Fly out, F7 (Line Drive, 7) Runner from 3rd tags up, SCORES, throw made
|
Pinch Hitting: RHB Elias Klomp
|
0-0: Called Strike 0-1: Ball 1-1: Ball 2-1: Called Strike 2-2: Ball 3-2: Strikes out looking
|
Top of the 9th over - 1 run, 2 hits, 0 errors, 1 left on base; Athletic Club KC 1 - Rocky Mountain 1 |
BOTTOM OF THE 9TH |
Rocky Mountain Vibes batting - Pitching for Athletic Club KC U-24 : LHP Andrei-Luiz Filoteo
|
Pitching: RHP Clancy Daly
|
|
Now in RF: Elias Klomp
|
|
Batting: LHB Carroll Stevens
|
0-0: SINGLE (Line Drive, 6M)
|
Pinch Hitting: LHB António Morales
|
0-0: Called Strike 0-1: Foul Ball, location: 2F 0-2: Grounds into double play, 4-6-3 (Groundball, 4)
|
Batting: LHB Q' Drennan
|
0-0: Foul Ball, location: 2F 0-1: Ground out U3 (Groundball, 3L)
|
Bottom of the 9th over - 0 runs, 1 hit, 0 errors, 0 left on base; Athletic Club KC 1 - Rocky Mountain 1 |
TOP OF THE 10TH |
Athletic Club KC U-24 batting - Pitching for Rocky Mountain Vibes : LHP Maurice Hilliard
|
Now in RF: António Morales
|
|
Batting: RHB Woody Thomas
|
0-0: Ball 1-0: Called Strike 1-1: Ball 2-1: Ball 3-1: Base on Balls
|
Batting: LHB Armando Romero
|
0-0: Ball 1-0: Ball 2-0: Foul Ball, location: 2F 2-1: Foul Ball, location: 2F 2-2: Strikes out swinging
|
Batting: RHB John Ricks
|
0-0: Called Strike 0-1: Ball 1-1: Ball 2-1: Ball 3-1: Base on Balls Woody Thomas to second
|
Batting: RHB Donald Guegan
|
0-0: Called Strike 0-1: Ball 1-1: Foul Ball, location: 2F 1-2: Ball 2-2: Ball 3-2: Base on Balls Woody Thomas to third John Ricks to second
|
Pitching: RHP José Castillo
|
|
Batting: RHB Rodrigo Sousa
|
0-0: Grounds into double play, 6-2-3 (Groundball, 6)
|
Top of the 10th over - 0 runs, 0 hits, 0 errors, 2 left on base; Athletic Club KC 1 - Rocky Mountain 1 |
BOTTOM OF THE 10TH |
Rocky Mountain Vibes batting - Pitching for Athletic Club KC U-24 : RHP Clancy Daly
|
Batting: RHB Duncan Hines
|
0-0: Swinging Strike 0-1: Ball 1-1: Ground out 5-3 (Groundball, 5S)
|
Batting: SHB Javier Silva
|
0-0: Ball 1-0: Swinging Strike 1-1: Foul Ball, location: 2F 1-2: Foul Ball, location: 2F 1-2: Strikes out swinging
|
Batting: RHB Christian Rose
|
0-0: Called Strike 0-1: Ground out 5-3 (Groundball, 56)
|
Bottom of the 10th over - 0 runs, 0 hits, 0 errors, 0 left on base; Athletic Club KC 1 - Rocky Mountain 1 |
TOP OF THE 11TH |
Athletic Club KC U-24 batting - Pitching for Rocky Mountain Vibes : RHP José Castillo
|
Batting: RHB Rafael Cortéz
|
0-0: Called Strike 0-1: Fly out, F9 (Flyball, 9)
|
Batting: RHB Andrés Hernández
|
0-0: Foul Ball, location: 2F 0-1: Fly out, F9 (Flyball, 89S)
|
Batting: RHB Miguel Gómez
|
0-0: Called Strike 0-1: Ground out 5-3 (Groundball, 56)
|
Top of the 11th over - 0 runs, 0 hits, 0 errors, 0 left on base; Athletic Club KC 1 - Rocky Mountain 1 |
BOTTOM OF THE 11TH |
Rocky Mountain Vibes batting - Pitching for Athletic Club KC U-24 : RHP Clancy Daly
|
Pitching: RHP Vaughan Jones
|
|
Batting: RHB Vesa Karpinen
|
0-0: Ball 1-0: Ball 2-0: Ball 3-0: Base on Balls
|
Batting: RHB Tomás Martí
|
0-0: Ball 1-0: Ball 2-0: Foul Ball, location: 2F 2-1: Grounds into double play, 6-4-3 (Groundball, 6)
|
Batting: SHB Ken Paige
|
0-0: Ground out 4-3 (Groundball, 4)
|
Bottom of the 11th over - 0 runs, 0 hits, 0 errors, 0 left on base; Athletic Club KC 1 - Rocky Mountain 1 |
TOP OF THE 12TH |
Athletic Club KC U-24 batting - Pitching for Rocky Mountain Vibes : RHP José Castillo
|
Batting: RHB Elias Klomp
|
0-0: Called Strike 0-1: Fly out, F8 (Flyball, 8LD)
|
Batting: RHB Woody Thomas
|
0-0: Ball 1-0: Ball 2-0: Ball 3-0: Called Strike 3-1: Foul Ball, location: 2F 3-2: Base on Balls
|
Batting: LHB Armando Romero
|
0-0: Fly out, F9 (Flyball, 9D)
|
Batting: RHB John Ricks
|
0-0: SINGLE (Groundball, 56D) Woody Thomas to second
|
Batting: RHB Donald Guegan
|
0-0: Foul Ball, location: 2F 0-1: Ball 1-1: Ball 2-1: Foul Ball, location: 2F 2-2: Strikes out looking
|
Top of the 12th over - 0 runs, 1 hit, 0 errors, 2 left on base; Athletic Club KC 1 - Rocky Mountain 1 |
BOTTOM OF THE 12TH |
Rocky Mountain Vibes batting - Pitching for Athletic Club KC U-24 : RHP Vaughan Jones
|
Batting: LHB Carroll Stevens
|
0-0: Foul Ball, location: 2F 0-1: Swinging Strike 0-2: Fly out, F9 (Flyball, 9D)
|
Batting: LHB António Morales
|
0-0: Ball 1-0: Ball 2-0: Called Strike 2-1: Swinging Strike 2-2: Foul Ball, location: 2F 2-2: Ball 3-2: Foul Ball, location: 2F 3-2: Foul Ball, location: 2F 3-2: Base on Balls
|
Batting: LHB Q' Drennan
|
0-0: Ball 1-0: Ball 2-0: Called Strike 2-1: Ball 3-1: Foul Ball, location: 2F 3-2: Foul Ball, location: 2F 3-2: Strikes out looking
|
Batting: RHB Duncan Hines
|
0-0: Ball 1-0: Ball 2-0: Foul Ball, location: 2F 2-1: Ball 3-1: Base on Balls António Morales to second
|
Batting: SHB Javier Silva
|
0-0: Ground out U3 (Groundball, 3)
|
Bottom of the 12th over - 0 runs, 0 hits, 0 errors, 2 left on base; Athletic Club KC 1 - Rocky Mountain 1 |
TOP OF THE 13TH |
Athletic Club KC U-24 batting - Pitching for Rocky Mountain Vibes : RHP José Castillo
|
Pitching: RHP Thie Calkhoven
|
|
Batting: RHB Rodrigo Sousa
|
0-0: Ball 1-0: Swinging Strike 1-1: Foul Ball, location: 2F 1-2: Foul Ball, location: 2F 1-2: Ball 2-2: Strikes out swinging
|
Batting: RHB Rafael Cortéz
|
0-0: Called Strike 0-1: Swinging Strike 0-2: Strikes out looking
|
Batting: RHB Andrés Hernández
|
0-0: Ball 1-0: Called Strike 1-1: Swinging Strike 1-2: SINGLE (Groundball, 56D)
|
Batting: RHB Miguel Gómez
|
0-0: Called Strike 0-1: Ball 1-1: Called Strike 1-2: Fly out, F8 (Flyball, 89M)
|
Top of the 13th over - 0 runs, 1 hit, 0 errors, 1 left on base; Athletic Club KC 1 - Rocky Mountain 1 |
BOTTOM OF THE 13TH |
Rocky Mountain Vibes batting - Pitching for Athletic Club KC U-24 : RHP Vaughan Jones
|
Batting: RHB Christian Rose
|
0-0: Ball 1-0: Foul Ball, location: 2F 1-1: Ball 2-1: Ball 3-1: Called Strike 3-2: Fly out, F7 (Line Drive, 7D)
|
Batting: RHB Vesa Karpinen
|
0-0: Swinging Strike 0-1: Ball 1-1: Swinging Strike 1-2: Strikes out swinging
|
Pitching: RHP Ken Ryan
|
|
Batting: RHB Tomás Martí
|
0-0: Foul Ball, location: 2F 0-1: Swinging Strike 0-2: Foul Ball, location: 2F 0-2: Foul Ball, location: 2F 0-2: Ball 1-2: Ball 2-2: Strikes out looking
|
Bottom of the 13th over - 0 runs, 0 hits, 0 errors, 0 left on base; Athletic Club KC 1 - Rocky Mountain 1 |
TOP OF THE 14TH |
Athletic Club KC U-24 batting - Pitching for Rocky Mountain Vibes : RHP Thie Calkhoven
|
Batting: RHB Elias Klomp
|
0-0: Ball 1-0: Foul Ball, location: 2F 1-1: Called Strike 1-2: Ball 2-2: Strikes out swinging
|
Batting: RHB Woody Thomas
|
0-0: Ball 1-0: Called Strike 1-1: Swinging Strike 1-2: Strikes out swinging
|
Batting: LHB Armando Romero
|
0-0: Ball 1-0: Ball 2-0: Foul Ball, location: 2F 2-1: Foul Ball, location: 2F 2-2: Ball 3-2: Strikes out swinging
|
Top of the 14th over - 0 runs, 0 hits, 0 errors, 0 left on base; Athletic Club KC 1 - Rocky Mountain 1 |
BOTTOM OF THE 14TH |
Rocky Mountain Vibes batting - Pitching for Athletic Club KC U-24 : RHP Ken Ryan
|
Batting: SHB Ken Paige
|
0-0: Called Strike 0-1: Ball 1-1: Ball 2-1: Ball 3-1: Ground out U3 (Groundball, 34)
|
Batting: LHB Carroll Stevens
|
0-0: Called Strike 0-1: Ball 1-1: Foul Ball, location: 2F 1-2: Strikes out swinging
|
Batting: LHB António Morales
|
0-0: Ball 1-0: Foul Ball, location: 2F 1-1: SINGLE (Groundball, 4D)
|
Batting: LHB Q' Drennan
|
0-0: Called Strike 0-1: Swinging Strike 0-2: Ball 1-2: 2-RUN HOME RUN (Flyball, 9LD), Distance : 349 ft
|
 |
Friday, July 19th, 2019 - OOTP Baseball 20.5 Build 52
|
|